 Dungeon Crawl Stone Soup version 0.25.1-2-g60ff931df9 (webtiles) character file.

Game seed: 6350911456846392744

216 raphialitos the Covered (level 5, -1/47 HPs)
             Began as a Minotaur Fighter on Oct 13, 2020.
             Slain by an orc warrior
             ... wielding a +1 flail of draining
              (4 damage)
             ... on level 6 of the Dungeon.
             The game lasted 00:06:04 (2468 turns).

raphialitos the Covered (Minotaur Fighter)          Turns: 2468, Time: 00:06:04

Health: -1/47      AC:  8    Str: 21    XL:     5   Next: 61%
Magic:  4/4        EV:  7    Int:  5    God:
Gold:   95         SH:  9    Dex: 10    Spells: 4/4 levels left

rFire    . . .     SeeInvis .   a - +1 war axe
rCold    . . .     Gourm    .   c - +0 kite shield
rNeg     . . .     Faith    .   b - +0 scale mail
rPois    .         Spirit   .   (helmet restricted)
rElec    .         Reflect  .   (no cloak)
rCorr    .         Harm     .   q - +1 pair of gloves
MR       .....                  (no boots)
Stlth    ..........             (no amulet)
HPRegen  0.15/turn              (no ring)
MPRegen  0.09/turn              (no ring)

@: heavily drained
A: retaliatory headbutt, horns 2
a: no special abilities


You were on level 6 of the Dungeon.
You were not hungry.

You visited 1 branch of the dungeon, and saw 4 of its levels.

You collected 95 gold pieces.

Inventory:

Hand Weapons
 a - a +1 war axe (weapon)
 h - a +0 hunting sling of freezing
Missiles
 j - 52 arrows
 m - 64 sling bullets
Armour
 b - a +0 scale mail (worn)
 c - a +0 kite shield (worn)
 q - a +1 pair of gloves (worn)
Jewellery
 i - an uncursed ring of ice {unknown}
Scrolls
 l - a scroll of enchant weapon
Potions
 d - a potion of might
 e - a potion of brilliance
 g - a potion of cancellation {unknown}
 k - a potion of lignification
 o - 2 potions of curing
Comestibles
 f - 5 rations
 p - 6 chunks of flesh


   Skills:
 + Level 4.4(2.8) Fighting
 + Level 4.4(2.9) Axes
 + Level 2.3(0.8) Slings
 + Level 4.5(2.9) Armour
 + Level 1.1(0.0) Dodging
 + Level 0.1(0.0) Stealth
 + Level 4.3(2.7) Shields


You had 4 spell levels left.
You didn't know any spells.
Your spell library was empty.

Dungeon Overview and Level Annotations

Branches:
Dungeon (3/15)

Altars:
Kikubaaqudgha
Nemelex Xobeh
Okawaru


Innate Abilities, Weirdness & Mutations

You reflexively headbutt those who attack you in melee.
You have a pair of horns on your head.


Message History

You slash the orc warrior! You headbutt the orc warrior.
The orc warrior is heavily wounded.
You hit the jackal skeleton.
Your shield and scale mail prevent you from hitting the phantom.
You miss the orc wizard. You block the jackal skeleton's attack.
The orc warrior hits you with a +1 flail of draining!
You feel drained. The phantom barely misses you.
The orc wizard mumbles some strange words.
The orc wizard seems to speed up.
You completely miss the orc warrior. Your headbutt misses the orc warrior.
The orc warrior is heavily wounded.
You completely miss the jackal skeleton.
You closely miss the phantom. You hit the orc wizard.
The orc wizard points at you and mumbles some strange words.
You block the puff of frost.
The jackal skeleton bites you but does no damage.
The orc warrior hits you with a +1 flail of draining!
* * * LOW HITPOINT WARNING * * *
You feel drained.
You die...

....ยง.............#
#...##.........#
#.............#
##.##.........#
#.##.........#
#)##.........#
#.##.........#
#W##.........#
#@############
#.....Zoo....#
#.............#
....%..........
.............$.
...............
...............
...............


You could see a phantom, an orc warrior, an orc wizard (fast) and a jackal
skeleton.

Vanquished Creatures
  An orc wizard (D:6)
  Natasha (twice) (D:2)
  4 adders
  A gnoll (D:2)
  3 worms (D:2)
  3 dart slugs
  4 leopard geckos
  3 orcs (D:3)
  3 bat skeletons (D:2)
  3 bat zombies (D:2)
  4 giant cockroaches
  6 goblins
  10 hobgoblins
  3 jackals (D:2)
  6 kobolds
  A quokka (D:2)
  7 bats
  4 frilled lizards
  6 rats
74 creatures vanquished.

Notes
Turn   | Place    | Note
-------+----------+-------------------------------------------
     0 | D:1      | raphialitos the Minotaur Fighter began the quest for the
                  | Orb.
     0 | D:1      | Reached XP level 1. HP: 19/19 MP: 0/0
   171 | D:1      | Reached XP level 2. HP: 27/27 MP: 1/1
   534 | D:1      | Reached XP level 3. HP: 33/33 MP: 2/2
  1062 | D:2      | Found an ancient bone altar of Kikubaaqudgha.
  1208 | D:2      | Reached XP level 4. HP: 40/40 MP: 3/3
  1307 | D:2      | Reached skill level 1 in Dodging
  1717 | D:2      | Noticed Natasha
  1727 | D:2      | Killed Natasha
  1727 | D:2      | Reached skill level 1 in Slings
  2063 | D:2      | Noticed Natasha
  2070 | D:2      | Killed Natasha
  2070 | D:2      | Reached XP level 5. HP: 39/47 MP: 4/4
  2220 | D:3      | Found a sparkling altar of Nemelex Xobeh.
  2235 | D:3      | Found an iron altar of Okawaru.
  2430 | D:3      | You fall into a shaft and drop 3 floors!
  2444 | D:6      | Noticed a phantom
  2461 | D:6      | Noticed an orc warrior
  2468 | D:6      | Slain by an orc warrior

Illustrated notes

Levels and vault maps discovered:
D:1:      eino_arrival_druids_welcome, layout_rooms
D:2:      minmay_skewed_foursquare, layout_loops_corners,
          kennysheep_vampire_church, serial_bayou_lagoon_a,
          hangedman_glass_teeth, uniq_natasha
D:3:      minmay_wonky_spiral, layout_loops_corners,
          nicolae_overflow_crystal_walls, okawaru_trees_1
D:6:      minmay_general_purpose_star, layout_rooms, basic_altar,
          uniq_crazy_yiuf_cottage

Skill      XL: |  1  2  3  4  5 |
---------------+----------------+-----
Shields        | 4 |  4.3
Armour         | 4 |  4.5
Axes           | 3 4 |  4.4
Fighting       | 4 |  4.4
Dodging        | 1 |  1.1
Slings         | 1 2 |  2.3
Stealth        | |  0.1

Action                   |  1- 3 |  4- 6 || total
-------------------------+-------+-------++-------
Melee: War axe           |    93 |    58 ||   151
       Headbutt          |    15 |     6 ||    21
 Fire: Hunting sling     |       |    35 ||    35
  Use: Scroll            |     5 |     3 ||     8
  Eat: Chunk             |     1 |     4 ||     5
Armor: Scale mail        |    47 |    33 ||    80
Dodge: Dodged            |    39 |    23 ||    62
Block: Kite shield       |    57 |    24 ||    81
